Map: Daybreak LE (Void)

Players

Naffy

  • Race: Terran Terran
  • League: Master
  • Spawn Location: 1:00

A.I. 2 (Harder) - Winner!

  • Race: Protoss Protoss
  • Spawn Location: 7:00

VOD

Have the link to the VOD?

Description

Time

  • Played on: Dec. 6, 2016, 2:33 p.m.
  • Length: 13:11
Show
View Real Time Build Order
Export as new Build Order

Naffy Terran 

Build Orders: Mech 

Get SALT Encoding   

  12  0:01  SCV  
  13  0:13  SCV  
  14  0:17  Supply Depot  
  14  0:25  SCV  
  15  0:39  SCV  
  15  0:40  Barracks  
  16  0:44  Refinery  
  16  0:51  SCV  
  17  1:03  SCV  
  18  1:15  SCV  
  19  1:27  Orbital Command  
  19  1:28  Barracks Reactor  
  19  1:43  Command Center  
  19  1:55  SCV, Supply Depot  
  20  2:05  Marine x2  
  23  2:08  SCV  
  23  2:15  Factory  
  23  2:20  SCV  
  23  2:22  Refinery  
  24  2:26  Marine  
  24  2:28  Marine  
  26  2:33  SCV  
  27  2:45  SCV  
  27  2:46  Marine x2  
  30  2:55  Orbital Command  
  30  2:59  SCV  
  30  3:01  Factory Tech Lab  
  30  3:04  Starport  
  31  3:09  Marine x2  
  33  3:13  SCV  
  34  3:20  Siege Tank  
  34  3:21  SCV  
  34  3:25  SCV  
  39  3:33  Marine x2  
  39  3:34  SCV  
  42  3:37  SCV, Supply Depot  
  43  3:53  Siege Tank  
  43  3:55  Starport Tech Lab  
  46  3:58  Marine x2  
  46  3:59  SCV x2  
  46  4:00  Supply Depot  
  47  4:12  SCV x2  
  47  4:16  Raven  
  51  4:17  Marine x2  
  53  4:24  Supply Depot  
  53  4:25  SCV x2  
  55  4:35  Marine x2  
  55  4:37  SCV x2  
  59  4:38  Siege Tank  
  62  4:48  Supply Depot  
  62  4:52  SCV x2  
  64  4:59  Command Center  
  64  5:04  SCV x2  
  66  5:09  Refinery  
  66  5:10  Refinery  
  66  5:16  SCV x2  
  66  5:18  Factory  
  68  5:22  Hellion x2  
  68  5:23  Supply Depot  
  68  5:28  SCV x2  
  74  5:39  Armory  
  74  5:40  SCV x2  
  74  5:41  Armory  
  76  5:46  Hellion x2  
  80  5:50  Supply Depot  
  80  5:52  SCV x2, Supply Depot  
  82  6:06  SCV  
  82  6:07  SCV  
  84  6:15  Supply Depot x2  
  84  6:18  Cyclone x2  
  90  6:21  SCV x2  
  90  6:25  Orbital Command  
  95  6:30  Siege Tank  
  95  6:33  Terran Vehicle Weapons Level 1, Terran Vehicle And Ship Armor Level 1  
  95  6:37  SCV x2  
  95  6:39  Refinery  
  97  6:40  Refinery  
  97  6:46  Supply Depot  
  97  6:47  Engineering Bay  
  97  6:48  Supply Depot  
  97  6:51  SCV x3  
  100  6:54  Cyclone x2  
  106  7:03  SCV x2, Siege Tank  
  106  7:04  SCV  
  112  7:12  Factory  
  112  7:15  SCV, Starport Reactor  
  112  7:16  SCV x2  
  112  7:18  Supply Depot  
  112  7:20  Supply Depot  
  112  7:22  Unknown  
  115  7:27  SCV  
  115  7:28  SCV x2  
  118  7:37  Command Center  
  118  7:40  SCV x3  
  118  7:41  Supply Depot  
  118  7:42  Siege Tank, Supply Depot  
  118  7:43  Cyclone x2  
  130  7:53  Missile Turret  
  130  7:56  Missile Turret  
  130  7:57  Missile Turret  
  130  7:58  Missile Turret x2  
  130  8:00  Missile Turret  
  130  8:07  Siege Tank  
  133  8:14  Siege Tank  
  133  8:15  Cyclone x2  
  142  8:27  Terran Vehicle Weapons Level 2  
  142  8:28  Terran Vehicle And Ship Armor Level 2  
  142  8:35  Viking x2  
  142  8:37  Supply Depot  
  142  8:40  Supply Depot  
  146  8:48  Cyclone x2  
  152  8:56  Siege Tank  
  155  9:11  Liberator x2  
  155  9:13  Command Center  
  155  9:14  Command Center  
  155  9:15  Missile Turret  
  155  9:16  Missile Turret  
  155  9:17  Missile Turret, Command Center  
  155  9:19  Missile Turret  
  155  9:21  Missile Turret  
  155  9:22  Missile Turret  
  155  9:24  Missile Turret  
  155  9:26  Missile Turret x2  
  155  9:28  Hellion x2  
  154  9:49  Hellion x2  
  143  10:07  Liberator x2  
  143  10:12  Command Center  
  143  10:21  Thor  
  143  10:22  Thor, Cyclone x2  
  167  10:31  Planetary Fortress  
  167  10:46  Refinery  
  167  10:47  Refinery  
  167  10:50  Missile Turret x2  
  167  10:59  Command Center x2  
  167  11:03  Cyclone x2  
  173  11:07  Cyclone  
  173  11:08  Hellion  
  178  11:33  Factory  
  178  11:35  Factory  
  178  11:56  Thor x2  
  178  11:57  Cyclone x2  
  178  11:59  Missile Turret  
  196  12:04  Refinery x2  
  196  12:07  Missile Turret  
  196  12:17  Planetary Fortress  
  196  12:34  Cyclone  
  196  12:35  Factory Reactor  
  196  12:36  Factory Reactor  
Show
View Real Time Build Order
Export as new Build Order

A.I. 2 (Harder) Protoss - Winner!

Build Orders: 1 Gate Expand 

Get SALT Encoding   

  12  0:01  Probe (Chrono Boost)  
  13  0:11  Probe (Chrono Boost)  
  14  0:21  Pylon  
  14  0:22  Probe (Chrono Boost)  
  15  0:39  Probe (Chrono Boost)  
  17  0:50  Probe (Chrono Boost)  
  17  0:51  Gateway  
  17  1:12  Nexus  
  17  1:14  Probe (Chrono Boost)  
  18  1:30  Pylon  
  18  1:33  Assimilator  
  18  1:36  Zealot  
  20  1:45  Cybernetics Core  
  20  1:46  Probe (Chrono Boost)  
  21  1:58  Probe (Chrono Boost)  
  22  2:08  Gateway  
  22  2:09  Probe (Chrono Boost)  
  23  2:17  Assimilator  
  23  2:20  Stalker  
  23  2:24  Pylon  
  23  2:26  Probe (Chrono Boost)  
  26  2:32  Warp Gate  
  26  2:39  Probe (Chrono Boost)  
  27  2:46  Adept  
  29  2:58  Assimilator  
  29  3:05  Robotics Facility  
  29  3:23  Assimilator  
  29  3:26  Probe (Chrono Boost)  
  30  3:29  Probe (Chrono Boost)  
  31  3:37  Probe (Chrono Boost)  
  31  3:40  Probe (Chrono Boost)  
  33  3:48  Probe (Chrono Boost)  
  34  3:50  Immortal  
  34  3:52  Probe (Chrono Boost)  
  39  3:57  Gateway  
  39  3:59  Probe (Chrono Boost)  
  40  4:06  Stalker  
  36  4:23  Zealot  
  38  4:38  Immortal  
  38  4:42  Probe (Chrono Boost)  
  38  4:45  Probe (Chrono Boost)  
  44  4:53  Probe (Chrono Boost), Pylon  
  44  4:56  Stalker  
  44  4:57  Probe (Chrono Boost)  
  48  5:05  Probe (Chrono Boost)  
  49  5:08  Forge  
  49  5:12  Sentry  
  51  5:16  Probe (Chrono Boost)  
  51  5:19  Probe (Chrono Boost)  
  53  5:27  Probe (Chrono Boost)  
  54  5:30  Probe (Chrono Boost)  
  54  5:31  Protoss Ground Weapons Level 1  
  54  5:35  Zealot  
  57  5:38  Probe (Chrono Boost)  
  59  5:43  Probe (Chrono Boost)  
  59  5:44  Pylon  
  60  5:50  Zealot, Probe (Chrono Boost)  
  62  6:03  Probe (Chrono Boost)  
  63  6:06  Stalker  
  63  6:07  Probe (Chrono Boost)  
  63  6:08  Pylon  
  66  6:14  Probe (Chrono Boost)  
  67  6:22  Stalker  
  69  6:27  Probe (Chrono Boost)  
  70  6:34  Pylon  
  70  6:38  Stalker  
  72  6:53  Sentry, Probe (Chrono Boost), Pylon  
  72  6:54  Probe (Chrono Boost)  
  76  7:05  Immortal, Probe (Chrono Boost)  
  76  7:06  Probe (Chrono Boost)  
  78  7:12  Photon Cannon, Protoss Ground Armor Level 1  
  78  7:14  Stargate  
  82  7:16  Probe (Chrono Boost)  
  82  7:17  Pylon  
  83  7:27  Photon Cannon  
  83  7:29  Pylon  
  83  7:32  Pylon  
  83  7:37  Twilight Council  
  83  7:42  Forge, Observer  
  84  7:55  Photon Cannon, Oracle  
  84  7:57  Photon Cannon  
  84  7:59  Immortal  
  84  8:01  Photon Cannon  
  91  8:34  Immortal  
  95  8:54  Protoss Ground Weapons Level 2  
  95  9:06  Gateway  
  95  9:08  Templar Archives  
  95  9:10  Observer  
  95  9:11  Robotics Bay  
  95  9:15  Protoss Ground Armor Level 2, Fleet Beacon, Nexus  
  96  9:19  Pylon  
  96  9:28  Warp Prism  
  98  9:41  Pylon  
  98  9:44  High Templar, Oracle  
  84  9:53  Zealot  
  66  10:01  Gateway, Zealot  
  66  10:03  Warp Prism  
  66  10:04  Stargate  
  70  10:08  Robotics Facility  
  70  10:10  Stalker  
  72  10:18  Stalker  
  74  10:23  Observer Gravitic Boosters  
  74  10:26  Protoss Air Weapons Level 1  
  74  10:27  Sentry  
  79  10:29  Probe x3 (Chrono Boost)  
  79  10:34  Tempest  
  79  10:37  Assimilator  
  79  10:39  Observer  
  79  10:41  Assimilator, Probe x2 (Chrono Boost)  
  89  10:43  Probe (Chrono Boost)  
  89  10:44  High Templar  
  89  10:49  Pylon  
  91  10:51  Colossus  
  91  10:53  Probe x2 (Chrono Boost)  
  91  10:55  Probe (Chrono Boost)  
  91  10:57  Warp Prism  
  100  10:58  Pylon  
  100  10:59  Stargate  
  100  11:01  Protoss Shields Level 1  
  100  11:03  Nexus  
  102  11:04  Archon, High Templar  
  104  11:13  High Templar  
  104  11:17  Gravitic Drive  
  106  11:19  Photon Cannon  
  106  11:22  Photon Cannon  
  106  11:27  Archon, High Templar  
  108  11:36  High Templar  
  110  11:49  Archon  
  110  11:50  High Templar  
  112  12:09  Observer  
  112  12:10  Dark Shrine  
  112  12:23  Assimilator  
  112  12:24  Pylon  
  112  12:25  Pylon  
  112  12:26  Assimilator  
  112  12:40  Stalker  
  114  12:45  Adept  
  120  12:55  Zealot  
  121  13:00  Zealot  
Tags
 
Composition
Mech
League
Master
Matchup
PvT
Spawn Locations
Cross Positions
Add a new tag
Caveats
  • Supply blocks, unpowered buildings, or Contaminate may cause inaccurate times.
  • Supply counts are checked every 10 seconds.